 Dungeon Crawl Stone Soup version 0.18.1-5-g4a78601 (webtiles) character file.

18 dysrexia the Ruffian (level 2, -4/25 HPs)
             Began as a Naga Transmuter on May 12, 2016.
             Slain by a gnoll (5 damage)
             ... on level 2 of the Dungeon.
             The game lasted 00:03:58 (1499 turns).

dysrexia the Ruffian (Naga Transmuter)              Turns: 1499, Time: 00:03:59

Health: -4/25      AC:  1    Str: 12    XL:     2   Next: 70%
Magic:  1/5        EV: 10    Int: 13    God:
Gold:   55         SH:  0    Dex: 11    Spells: 2 memorised, 2 levels left

rFire  . . .     SeeInvis +       - Unarmed
rCold  . . .     Gourm    .     b - +0 robe
rNeg   . . .     Faith    .     (no shield)
rPois  +         Spirit   .     (no helmet)
rElec  .         Dismiss  .     (no cloak)
rCorr  .         Reflect  .     (no gloves)
SustAt .         Harm     .     (no barding)
MR     .....                    (no amulet)
Stlth  +.........               (no ring)
                                (no ring)

@: appendage, very slightly contaminated, very slow, not resistant to hostile
enchantments, very unstealthy
A: horns 2, see invisible, deformed body, poison resistance, slowness 2, slow
metabolism 1, spit poison 2, AC +0
a: Spit Poison, End Transformation


You were on level 2 of the Dungeon.
You were not hungry.
You had grown temporary horns.
You visited 1 branch of the dungeon, and saw 2 of its levels.

You collected 55 gold pieces.

Inventory:

Missiles
 a - 63 arrows
Armour
 b - a +0 robe (worn)
Potions
 e - a potion of might {unknown}
 f - a potion of haste {unknown}
 g - a potion of brilliance {unknown}
Books
 c - a book of Changes

   Spells                             Type                      Level
   a - Beastly Appendage              Transmutation                1
   b - Sticks to Snakes               Transmutation                2
   c - Spider Form                    Transmutation/Poison         3
   d - Ice Form                       Ice/Transmutation            4
   e - Blade Hands                    Transmutation                5
Comestibles
 d - a bread ration
 h - a beef jerky
 i - a royal jelly
 l - a meat ration


   Skills:
 - Level 1.0 Fighting
 - Level 1.5 Dodging
 * Level 3.5 Unarmed Combat
 - Level 2.0 Spellcasting
 + Level 2.6 Transmutations


You had 2 spell levels left.
You knew the following spells:

 Your Spells              Type           Power        Failure   Level  Hunger
a - Beastly Appendage     Trmt           #.....       10%         1    ##.....
b - Sticks to Snakes      Trmt           #.......     14%         2    ###....


Dungeon Overview and Level Annotations

Branches:
Dungeon (2/15)

Altars:


Innate Abilities, Weirdness & Mutations

You cannot wear boots.
Your serpentine skin is tough (AC +0).
You have supernaturally acute eyesight.
Armour fits poorly on your strangely shaped body.
Your system is resistant to poisons.
You cover ground very slowly.
You have a slow metabolism.
You can spit poison.
You have a pair of horns on your head.


Message History

The gnoll hits you from afar with an enchanted halberd.
You see here a club.
The gnoll hits you!
Casting: Sticks to Snakes
Confirm with . or Enter, or press ? or * to list all spells.
You grow a pair of large bovine horns.
You hit the gnoll but do no damage.
The gnoll is lightly wounded.
The gnoll closely misses you. The gnoll barely misses you. The gnoll hits you.
You hit the gnoll but do no damage.
The gnoll is lightly wounded.
The gnoll hits you from afar with an enchanted halberd.
* * * LOW HITPOINT WARNING * * *
The gnoll hits you.
* * * LOW HITPOINT WARNING * * *
Read which item? (? for menu, Esc to quit)
As you read the scroll labeled IDUH QABALL, it crumbles to dust.
The dust glows bright black!
It was a scroll of random uselessness.
The gnoll hits you.
You die...

#####.........#
................
######.#.###.###
#.#.## # #.#..# #
#.##.##.####
#...g.......
####g##.#####
###.g@.......
#.....#......
#.###.#..#######
#........)......
#####.#..#############
#((.(##...........
##...##.##########
#...##.# ##..##.#


You could see 3 gnolls.

Vanquished Creatures
  2 giant cockroaches
  2 goblins
  2 hobgoblins
  2 ball pythons
  2 bats (D:1)
  3 giant newts
  2 kobolds
  4 rats (D:1)
19 creatures vanquished.

Notes
Turn   | Place    | Note
--------------------------------------------------------------
     0 | D:1      | dysrexia the Naga Transmuter began the quest for the Orb.
     0 | D:1      | Reached XP level 1. HP: 18/18 MP: 3/3
   694 | D:1      | Reached XP level 2. HP: 21/25 MP: 5/5
   703 | D:1      | Learned a level 2 spell: Sticks to Snakes
  1498 | D:2      | HP: 1/25 [gnoll (5)]
  1499 | D:2      | Slain by a gnoll

Action                   || total
-------------------------++-------
Melee: Unarmed           ||    79
 Cast: Sticks to Snakes  ||     1
       Beastly Appendage ||     1
  Use: Scroll            ||     1
  Eat: Chunk             ||     1
Armor: Robe              ||    15
Dodge: Dodged            ||    46
